 Dungeon Crawl Stone Soup version 0.31-a0-538-gbc85326fa9 (webtiles) character file.

Game seed: 973022313990120450

189 Pooter the Ruffian (level 5, -8/29 HPs)
             Began as a Vine Stalker Fighter on Aug 14, 2023.
             Killed from afar by Ijyb (15 damage)
             ... with a bolt of acid
             ... on level 4 of the Dungeon.
             The game lasted 00:10:40 (2053 turns).

Pooter the Ruffian (Vine Stalker Fighter)           Turns: 2053, Time: 00:10:41

Health: -8/29      AC:  9    Str: 21    XL:     5   Next: 68%
Magic:  0/6        EV:  9    Int:  8    God:
Gold:   129        SH:  4    Dex: 13    Spells: 4/4 levels left

rFire   . . .        b - +0 sling
rCold   . . .        n - +0 buckler
rNeg    . . .        a - +0 scale mail
rPois   .            (no helmet)
rElec   .            (no cloak)
rCorr   .            e - +2 pair of gloves
SInv    .            (no boots)
Will    .....        (no amulet) Stlth
                     (no ring)
HPRegen 1.04/turn    (no ring)
MPRegen 0.10/turn

%: guardian spirit
@: invisible
A: fangs 2, regeneration 1, magic shield, antimagic bite, no potion heal 2
a: no special abilities


You were on level 4 of the Dungeon.
You visited 1 branch of the dungeon, and saw 4 of its levels.

You collected 129 gold pieces.

Inventory:

Hand Weapons
 b - a +0 sling (weapon)
   (You found it on level 4 of the Dungeon)
Missiles
 m - 2 poisoned darts
 Q - 14 stones
Armour
 a - a +0 scale mail (worn)
 e - a +2 pair of gloves (worn)
   (You found it on level 1 of the Dungeon)
 n - a +0 buckler (worn)
Scrolls
 d - a scroll of immolation {!r}
 j - a scroll of blinking {unknown}
 k - a scroll of poison {unknown}
 l - a scroll of revelation
 o - 2 scrolls of teleportation {unknown}
Potions
 c - 2 potions of might
 f - a potion of invisibility
 g - a potion of curing {unknown}
 h - a potion of heal wounds {unknown}


   Skills:
 + Level 3.8 Fighting
 - Level 2.4 Armour
 - Level 2.6 Shields
 * Level 4.8 Unarmed Combat


You had 4 spell levels left.
You didn't know any spells.
Your spell library contained the following spells:

 Spells                   Type           Power      Damage    Failure   Level
 Wereblood                Tmut           0%         N/A       92%         2
 Irradiate                Conj/Tmut      0%         3d11      100%        5


Dungeon Overview and Level Annotations

Branches:
Dungeon (4/15) Zot: 21943
 Temple: D:4-7

Altars:

Annotations:
D:4 Ijyb


Innate Abilities, Weirdness & Mutations

You have extremely sharp teeth.
Your natural rate of healing is unusually fast.
When hurt, damage is shared between your health and your magic reserves.
Your bite disrupts and absorbs the magic of your enemies.
Potions cannot restore your health.


Message History

The orc barely misses you.
The iguana hisses angrily.
The kobold shouts!
The orc wizard closely misses you.
Ijyb zaps a wand.
The bolt of acid hits the kobold!
The kobold dies!
The bolt of acid misses you. The orc hits you but does no damage.
You barely miss the orc wizard.
You feel less confused.
The iguana hisses angrily.
The orc wizard hits you but does no damage.
The orc barely misses you.
You shoot a sling bullet.
The sling bullet hits the orc wizard but does no damage.
The orc wizard hits you but does no damage.
The iguana barely misses you.
The orc wizard hits you but does no damage.
The iguana bites you.
* * * LOW MAGIC WARNING * * *
You shoot a sling bullet.
The sling bullet closely misses the orc wizard.
The orc wizard misses you. You block something's attack.
Ijyb hits you with a +0 dagger. You block the iguana's attack.
The orc barely misses you. Something hits you but does no damage.
The orc wizard hits you but does no damage.
The iguana barely misses you.
Ijyb screams, "You nasty!
Big nasty!"
Ijyb closely misses you.
You shoot a sling bullet.
The sling bullet closely misses the orc wizard.
The orc wizard barely misses you. Something hits you but does no damage.
The orc barely misses you.
Ijyb zaps a wand.
The bolt of acid hits you. The iguana bites you!
* * * LOW HITPOINT WARNING * * *
You shoot a sling bullet.
The sling bullet hits Ijyb but does no damage.
The orc wizard hits you but does no damage.
You hear some strange, mumbled words.
A magic dart appears from out of thin air!
The magic dart hits you.
* * * LOW MAGIC WARNING * * *
* * * LOW HITPOINT WARNING * * *
The orc misses you.
Ijyb zaps a wand.
The bolt of acid hits you!
Ouch! That really hurt!
You die...

###...........
#.............
#.............
#...........>
#..........#.
#.......).##
##........#
...
##.......#....
##..o@l......
#..{og......
##..#####...
#).# .. #>.#
#..# ...#
#..## ....


You could see Ijyb (unable to see you), an iguana (unable to see you), an orc
wizard (unable to see you) and an orc (unable to see you).

Vanquished Creatures
  A water moccasin (D:3)
  Jessica (D:3)
  An adder (D:3)
  A worm (D:3)
  2 orcs
  2 bats
  2 endoplasms (D:3)
  2 giant cockroaches
  4 goblins
  5 hobgoblins
  4 kobolds
  4 quokkas
  7 ball pythons
  3 frilled lizards
  A rat (D:1)
40 creatures vanquished.

Vanquished Creatures (others)
  A kobold (D:4)
1 creature vanquished.

Grand Total: 41 creatures vanquished

Notes
Turn   | Place    | Note
-------+----------+-------------------------------------------
     0 | D:1      | Pooter the Vine Stalker Fighter began the quest for the
                  | Orb.
     0 | D:1      | Reached XP level 1. HP: 11/11 MP: 2/2
   431 | D:1      | Reached XP level 2. HP: 16/16 MP: 3/3
  1178 | D:3      | Noticed a water moccasin
  1186 | D:3      | Killed a water moccasin
  1187 | D:3      | Reached skill level 4 in Unarmed Combat
  1187 | D:3      | Reached XP level 3. HP: 14/20 MP: 4/4
  1187 | D:3      | Gained mutation: Your natural rate of healing is unusually
                  | fast. [Vine Stalker growth]
  1187 | D:3      | Reached XP level 4. HP: 18/25 MP: 5/5
  1187 | D:3      | Reached XP level 5. HP: 20/28 MP: 6/6
  1536 | D:3      | Noticed Jessica
  1559 | D:3      | Killed Jessica
  2041 | D:4      | Noticed Ijyb
  2053 | D:4      | Killed from afar by Ijyb

Illustrated notes

Levels and vault maps discovered:
D:1:      sevenhm_arrival_forest_fort_small_3, layout_loops_cross
D:2:      layout_rooms
D:3:      minmay_skewed_foursquare, layout_basic, chequers_avenue, uniq_jessica
D:4:      kennysheep_the_goblin_king, layout_layer_cave, serial_undead,
          serial_undead_e, serial_undead_b, serial_undead_d, serial_undead_d,
          lightli_ossuary_entry_decrepit_ruins, uniq_ijyb

Skill      XL: |  1  2 |
---------------+-------+-----
Fighting       | 3 |  3.8
Unarmed Combat | 4 |  4.8
Armour         | |  2.4
Shields        | |  2.6

Action                     |  1- 3 |  4- 6 || total
---------------------------+-------+-------++-------
  Melee: Unarmed           |    47 |    51 ||    98
         Bite              |    15 |    16 ||    31
         Sling             |       |     2 ||     2
   Fire: Sling             |       |    12 ||    12
  Throw: Stone             |     4 |       ||     4
         Dart              |     2 |       ||     2
    Use: Scroll            |     2 |     1 ||     3
         Potion            |     2 |     1 ||     3
   Stab: Invisible         |     1 |       ||     1
 Armour: Scale mail        |    18 |    30 ||    48
  Dodge: Dodged            |    25 |    28 ||    53
  Block: Buckler           |    10 |     9 ||    19

Table legend: (Time is in decaauts)
 A = Elapsed time spent in this place.
 B = Non-inter-level travel time spent in this place.
 C = Inter-level travel time spent in this place.
 D = Time resting spent in this place.
 E = Time spent auto-exploring this place.
 F = Levels seen in this place.
 G = Mean time per level.
                   A        B        C        D        E       F      G
               +--------+--------+--------+--------+--------+-----+--------+
         Total |   2054 |   1980 |     74 |     84 |   1540 |   4 |  513.5 |
       Dungeon |   2054 |   1980 |     74 |     84 |   1540 |   4 |  513.5 |
               +--------+--------+--------+--------+--------+-----+--------+

Top non-repeatable levels by time:
     D:3: 817 daAuts
     D:1: 759 daAuts
     D:2: 409 daAuts
     D:4: 68 daAuts
